Map: Kairos Junction LE

Players

SexyBravO

  • Race: Terran Terran
  • League: Master
  • Spawn Location: 11:00

Mez - Winner!

  • Race: Terran Terran
  • League: Master
  • Spawn Location: 5:00

VOD

Have the link to the VOD?

Description

Time

  • Played on: July 30, 2019, 11:05 p.m.
  • Length: 13:25
Show
View Real Time Build Order
Export as new Build Order

SexyBravO Terran 

Build Orders:  

Get SALT Encoding   

  12  0:00  SCV  
  13  0:13  SCV  
  14  0:17  Supply Depot  
  14  0:25  SCV  
  14  0:27  Refinery  
  15  0:39  SCV  
  16  0:45  Barracks  
  16  0:51  SCV  
  17  1:03  SCV  
  19  1:19  SCV  
  19  1:33  Reaper, Orbital Command  
  20  1:43  Supply Depot  
  20  1:50  Factory, Refinery  
  20  1:55  Refinery  
  20  1:59  SCV  
  21  2:06  Reaper  
  22  2:16  SCV  
  22  2:28  SCV  
  23  2:39  Barracks Tech Lab  
  23  2:40  SCV  
  24  2:52  SCV, Starport  
  24  2:55  Command Center  
  25  3:01  Supply Depot  
  25  3:04  Cyclone  
  28  3:13  SCV  
  29  3:25  SCV  
  29  3:27  Barracks Tech Lab  
  30  3:31  Starport Tech Lab  
  30  3:36  Cyclone  
  30  3:37  SCV  
  34  3:49  SCV, Banshee  
  34  3:54  Supply Depot  
  37  4:08  SCV  
  38  4:17  Orbital Command  
  38  4:18  Siege Tank  
  38  4:20  SCV  
  42  4:26  Cloaking Field  
  42  4:28  Marine  
  43  4:32  SCV  
  43  4:34  Orbital Command  
  43  4:35  Barracks  
  44  4:38  Barracks  
  44  4:42  Banshee  
  47  4:46  Marine  
  47  4:50  SCV  
  49  5:01  SCV  
  49  5:02  SCV  
  49  5:05  Siege Tank  
  54  5:09  Supply Depot  
  54  5:16  SCV  
  54  5:17  SCV  
  56  5:29  Refinery, SCV x2  
  56  5:34  Engineering Bay  
  58  5:40  Command Center  
  58  5:42  Stimpack  
  58  5:43  Barracks Reactor x2  
  58  5:47  Marine  
  59  5:51  SCV  
  59  5:52  SCV  
  59  5:53  Engineering Bay  
  61  6:04  Marine  
  62  6:17  SCV x2  
  64  6:26  Terran Infantry Armor Level 1, Terran Infantry Weapons Level 1  
  64  6:29  SCV x2  
  66  6:35  Refinery  
  66  6:36  Siege Tank  
  66  6:37  Marine, Supply Depot x2  
  66  6:38  Supply Depot  
  70  6:40  Supply Depot  
  70  6:41  Barracks  
  70  6:43  Barracks  
  70  6:51  Marine x4  
  70  6:52  SCV x2  
  73  6:57  Starport Reactor, Orbital Command  
  73  6:59  Barracks  
  73  7:04  SCV  
  73  7:07  SCV  
  74  7:16  SCV  
  74  7:19  SCV  
  76  7:28  Orbital Command  
  76  7:29  SCV  
  74  7:30  Barracks Reactor  
  74  7:31  SCV, Marine  
  74  7:32  Marine x2  
  74  7:33  Siege Tank  
  81  7:43  SCV  
  81  7:44  SCV  
  83  7:47  Marine x2, Marauder  
  83  7:49  Marine x2  
  83  7:50  Marauder, Medivac x2  
  95  7:54  Armory  
  95  7:55  SCV  
  95  7:56  SCV  
  97  8:00  Sensor Tower  
  97  8:04  Combat Shield  
  97  8:05  Marine x2  
  98  8:06  Concussive Shells  
  98  8:07  Marine x4  
  98  8:08  SCV x2  
  98  8:09  Marauder  
  98  8:11  Marine  
  108  8:20  SCV x2  
  108  8:23  Marine  
  108  8:26  Sensor Tower  
  111  8:29  Marine x4, Marauder  
  117  8:40  Terran Infantry Weapons Level 2  
  117  8:52  Supply Depot  
  117  8:53  Supply Depot  
  117  8:54  Supply Depot x2  
  117  9:14  Terran Infantry Armor Level 2, Marine x7, Siege Tank, Marauder  
  117  9:15  SCV x2  
  131  9:27  SCV  
  131  9:32  Marine x6, Marauder  
  131  9:34  Command Center  
  131  9:35  Marine  
  100  9:46  Siege Tank  
  100  9:49  Marine x2  
  100  9:50  Marine x4  
  106  9:54  Marauder x2  
  106  9:59  Command Center  
  93  10:07  Marine x2  
  93  10:08  Marine  
  96  10:15  Marauder x2  
  96  10:16  Marine x3  
  96  10:18  Siege Tank  
  103  10:25  Marine x2  
  103  10:26  Marine  
  103  10:31  Medivac x2  
  103  10:34  Marine x3  
  110  10:36  Marine x2  
  110  10:37  Barracks  
  110  10:40  Barracks  
  112  10:43  Marine x2  
  112  10:44  Marine  
  115  10:52  Marine x3  
  115  10:54  Marauder x2  
  122  11:01  Marine x3  
  113  11:07  Orbital Command  
  113  11:09  Marine  
  113  11:10  Refinery, Marine x2  
  115  11:15  Marine x2  
  117  11:18  Marine x2  
  117  11:19  Marine  
  120  11:27  Marine x3  
  123  11:33  Marine x2  
  123  11:36  Marine x2  
  123  11:37  Marine  
  127  11:43  Command Center  
  127  11:45  Barracks Reactor x2, Marine x3  
  127  11:46  Siege Tank  
  133  11:51  Marine x2  
  135  11:54  Marine x2  
  135  11:55  Marine  
  129  12:03  Marine x3  
  129  12:07  Sensor Tower  
  131  12:08  Marine  
  131  12:09  Marine  
  131  12:12  Marine x2  
  131  12:13  Marine  
  136  12:21  Siege Tank, Marine x3  
  142  12:26  Marine  
  142  12:27  Marine  
  144  12:30  Marine x3  
  147  12:38  Marine  
  147  12:39  Marine x2  
  146  12:44  Marine  
  146  12:45  Marine  
  146  12:48  Marine x3  
  135  12:56  Marine x3  
  135  12:57  Marine  
  135  12:58  Marine x3  
  142  13:01  SCV x3  
  142  13:02  Marine x2  
  150  13:05  Marine x2  
  150  13:06  Marine  
  150  13:08  Command Center  
Show
View Real Time Build Order
Export as new Build Order

Mez Terran - Winner!

Build Orders: Reaper Expand 

Get SALT Encoding   

  12  0:01  SCV  
  13  0:13  SCV  
  14  0:18  Supply Depot  
  14  0:25  SCV  
  15  0:39  SCV  
  15  0:41  Barracks  
  16  0:46  Refinery  
  16  0:51  SCV  
  17  1:03  SCV  
  18  1:15  SCV  
  19  1:29  Orbital Command  
  19  1:30  Reaper  
  20  1:42  Command Center  
  20  1:52  Barracks  
  20  1:55  SCV  
  21  2:05  Barracks Reactor  
  21  2:07  SCV  
  22  2:09  Barracks  
  22  2:24  Supply Depot  
  22  2:25  SCV  
  23  2:39  SCV  
  23  2:42  Barracks Tech Lab  
  23  2:45  Marine x2  
  23  2:51  Bunker  
  25  2:53  SCV  
  25  2:57  Marine  
  27  3:01  Marauder  
  27  3:02  Concussive Shells  
  27  3:03  Marine x2  
  31  3:10  Orbital Command  
  31  3:12  SCV  
  31  3:15  Marine  
  32  3:21  Marine  
  32  3:22  Marine  
  34  3:28  SCV  
  35  3:36  Supply Depot  
  35  3:40  SCV  
  36  3:43  SCV  
  37  3:48  Barracks Tech Lab  
  37  3:49  Stimpack  
  37  3:50  Marine x2  
  37  3:52  SCV  
  37  3:53  Marine  
  37  3:55  SCV  
  42  4:04  SCV  
  42  4:07  SCV  
  42  4:08  Marine  
  45  4:17  SCV, Combat Shield  
  46  4:19  SCV  
  47  4:24  Command Center, Supply Depot  
  47  4:30  SCV  
  49  4:31  SCV  
  49  4:36  Marine  
  49  4:37  Marine x3  
  53  4:39  Engineering Bay  
  53  4:46  SCV x2  
  53  4:51  Supply Depot  
  55  4:54  Marine  
  55  4:57  Factory  
  55  4:58  SCV  
  55  4:59  SCV  
  57  5:01  Marine x2  
  57  5:05  Refinery x2  
  59  5:08  Marine  
  59  5:11  SCV x2  
  59  5:13  Marine  
  63  5:17  Supply Depot  
  63  5:19  Marine  
  64  5:23  SCV x2  
  64  5:28  Marauder x2  
  70  5:36  SCV x2  
  70  5:38  Orbital Command  
  70  5:40  Barracks  
  70  5:41  Barracks  
  72  5:43  Supply Depot  
  72  5:45  Marine x2  
  72  5:48  SCV x2  
  76  5:50  Refinery  
  76  5:52  Starport, Factory Reactor  
  76  5:58  Engineering Bay  
  76  6:00  SCV  
  76  6:04  Missile Turret  
  76  6:07  Missile Turret  
  72  6:17  SCV  
  72  6:18  SCV, Marine x4  
  78  6:30  SCV  
  78  6:31  Orbital Command  
  80  6:35  Barracks Reactor  
  80  6:36  Barracks Reactor  
  80  6:38  SCV  
  80  6:42  SCV  
  79  6:56  Medivac x2  
  79  6:57  Marine  
  79  6:58  Missile Turret, Marine, Marauder  
  79  6:59  SCV x3  
  89  7:11  SCV  
  87  7:21  Marine x4  
  87  7:22  Marine, Marauder x2  
  94  7:25  SCV x3  
  97  7:30  Medivac x2  
  101  7:40  Barracks x3  
  101  7:45  Supply Depot  
  101  7:46  Terran Infantry Armor Level 1, Terran Infantry Weapons Level 1, Supply Depot x2  
  101  7:47  SCV x2, Marine x3  
  106  7:57  Marine  
  106  7:58  Marine x2, Marauder x2  
  113  7:59  SCV x2  
  113  8:03  Medivac  
  113  8:04  Marine  
  117  8:06  Marine x2  
  117  8:12  SCV x3  
  121  8:15  Marine  
  121  8:18  Supply Depot  
  122  8:20  Supply Depot  
  122  8:22  Armory  
  122  8:24  SCV  
  122  8:26  SCV x2  
  125  8:36  SCV  
  125  8:38  Barracks Reactor x2  
  125  8:39  Barracks Reactor, Marine x6  
  125  8:40  Medivac x2  
  135  8:49  SCV x3  
  135  8:52  Command Center  
  135  8:53  Supply Depot  
  137  9:01  SCV  
  138  9:07  Marine  
  138  9:08  Marine x5  
  143  9:10  Medivac x2  
  147  9:22  Marine x4, Marauder  
  147  9:23  Marauder  
  149  9:35  Marine  
  149  9:36  Marine x7  
  136  9:39  Marine  
  136  9:40  Marine x3  
  136  9:44  Marauder x2  
  136  9:48  Medivac  
  136  9:49  Medivac  
  135  9:53  Marine x5  
  135  9:54  Marine x3  
  135  9:57  Marine, Terran Infantry Weapons Level 2  
  140  10:05  Command Center  
  140  10:07  Marine x2  
  140  10:08  Marauder x2  
  146  10:18  Medivac  
  148  10:28  Marine  
  148  10:29  Marine x9, Marauder  
  148  10:31  Terran Infantry Armor Level 2  
  159  10:51  Marine x12  
  137  11:07  Marine  
  137  11:08  Marine x2  
  137  11:09  Marine x8  
  137  11:16  Medivac x2, Factory Tech Lab  
  141  11:20  Terran Vehicle Weapons Level 1  
  141  11:21  Factory  
  141  11:22  Factory  
  132  11:28  Marine  
  132  11:30  Planetary Fortress  
  132  11:32  Marine x7  
  124  11:33  SCV x2  
  129  11:43  SCV  
  129  11:45  SCV x2  
  132  11:52  Planetary Fortress  
  132  11:54  Marine x11  
  132  11:55  SCV  
  132  11:57  SCV x2  
  146  12:09  SCV  
  146  12:10  SCV x2  
  146  12:11  SCV  
  150  12:15  Factory Tech Lab x2  
  150  12:19  Siege Tank  
  150  12:21  SCV  
  150  12:22  SCV x2  
  156  12:23  SCV  
  156  12:27  Refinery  
  157  12:30  Refinery  
  157  12:31  Refinery  
  157  12:34  SCV  
  152  12:39  SCV x4  
  152  12:40  Marine  
  152  12:41  Marine x4  
  156  12:46  SCV  
  153  12:51  SCV  
  153  12:52  SCV x3  
  153  12:58  Sensor Tower, SCV  
  157  13:02  Refinery  
  157  13:03  SCV  
  157  13:04  SCV  
  157  13:05  SCV x2  
  161  13:10  SCV  
Tags
 
Add a new tag
Caveats
  • Supply blocks, unpowered buildings, or Contaminate may cause inaccurate times.
  • Supply counts are checked every 10 seconds.